 Dungeon Crawl Stone Soup version 0.28.0 (webtiles) character file.

Game seed: 3272930830784091355

224 tizbic2 the Twirler (level 6, -2/29 HPs)
             Began as a Vine Stalker Artificer on Feb 7, 2022.
             Slain by a river rat (4 damage)
             ... in a sewer.
             The game lasted 00:23:46 (5521 turns).

tizbic2 the Twirler (Vine Stalker Artificer)        Turns: 5521, Time: 00:23:47

Health: -2/29      AC:  5    Str: 14    XL:     6   Next: 0%
Magic:  0/7        EV: 10    Int: 13    God:
Gold:   108        SH:  0    Dex: 15    Spells: 5/5 levels left

rFire   . . .      SeeInvis .   w - staff of cold
rCold   + + .      Faith    .   (no shield)
rNeg    . . .      Spirit   +   a - +0 ring mail
rPois   .          Reflect  .   (no helmet)
rElec   .          Harm     .   (no cloak)
rCorr   .          Rampage  .   (no gloves)
Will    .....                   (no boots)
Stlth   +.........              (no amulet)
HPRegen 0.89/turn               m - ring of protection from fire
MPRegen 0.10/turn               v - ring of ice

@: weak-willed, very slow
A: fangs 2, regeneration 1, magic shield, antimagic bite, no potion heal 2
a: no special abilities


You were in a sewer.
You visited 1 branch of the dungeon, and saw 4 of its levels.
You also visited: Sewer.

You collected 108 gold pieces.

Inventory:

Hand Weapons
 q - a +2 hunting sling of freezing
Missiles
 f - 113 stones (quivered)
 t - 6 atropa-tipped darts
 x - 3 boomerangs
Armour
 a - a +0 ring mail (worn)
 b - a +0 scale mail
Magical Staves
 w - a staff of cold (weapon)
Jewellery
 m - a ring of protection from fire (left hand)
 v - a ring of ice (right hand)
Wands
 c - a wand of flame (12)
 d - a wand of charming (14)
Scrolls
 i - a scroll of enchant armour {unknown}
 o - a scroll of immolation {unknown}
 p - a scroll of vulnerability
 s - a scroll of identify {unknown}
 y - a scroll of teleportation {unknown}
Potions
 g - a potion of cancellation {unknown}
 j - a potion of curing {unknown}
 k - a potion of magic
 l - a potion of brilliance {unknown}
 n - a potion of ambrosia {unknown}
 r - a potion of degeneration {unknown}
Miscellaneous
 e - a piece from Xom's chessboard (15/15)


   Skills:
 - Level 0.8 Fighting
 * Level 4.0 Staves
 - Level 0.2 Slings
 - Level 1.5 Armour
 - Level 0.7 Dodging
 - Level 1.2 Stealth
 + Level 0.2 Ice Magic
 + Level 3.9 Evocations


You had 5 spell levels left.
You didn't know any spells.
Your spell library contained the following spells:

 Spells                   Type           Power      Damage    Failure   Level
 Dazzling Flash           Conj/Hex       0%         N/A       88%         3
 Agony                    Necr           0%         N/A       100%        5
 Silence                  Hex/Air        0%         N/A       100%        5


Dungeon Overview and Level Annotations

Branches:
Dungeon (4/15)              Sewer (1/1)
 Temple: D:4-7

Altars:
Fedhas


Innate Abilities, Weirdness & Mutations

You have extremely sharp teeth.
Your natural rate of healing is unusually fast.
When hurt, damage is shared between your health and your magic reserves.
Your bite disrupts and absorbs the magic of your enemies.
Potions cannot restore your health.


Message History

The river rat closely misses you.
The river rat bites you but does no damage.
The river rat twitches its whiskers.
You completely miss the river rat.
You bite the river rat, but do no damage.
The river rat bites you.
As you read the scroll labelled CIELY CIEVUCUE, it crumbles to dust.
Magic quickly surges around you.
It was a scroll of vulnerability.
The river rat bites you.
You closely miss the river rat.
You bite the river rat, but do no damage.
The river rat is severely wounded.
The river rat bites you but does no damage.
The river rat barely misses you.
The river rat bites you but does no damage.
You hit the river rat but do no damage. You bite the river rat.
You drain its power.
You feel invigorated.
The river rat is almost dead.
The river rat bites you! The river rat barely misses you. x2
You closely miss the river rat. You bite the river rat. You drain its power.
You feel invigorated.
The river rat is almost dead.
The river rat misses you. The river rat bites you. x2
You hit the river rat but do no damage. Your bite misses the river rat.
The river rat is almost dead.
The river rat bites you.
* * * LOW HITPOINT WARNING * * *
The river rat barely misses you. x2
You closely miss the river rat.
You bite the river rat, but do no damage.
The river rat is almost dead.
The river rat barely misses you. The river rat bites you.
* * * LOW HITPOINT WARNING * * *
The river rat bites you.
* * * LOW HITPOINT WARNING * * *
You enter the shallow water.
Moving in this stuff is going to be slow.
The river rat twitches its whiskers.
The river rat closely misses you. The river rat bites you.
You die...

##########################
≈≈.≈≈≈≈≈≈≈≈.≈†.≈.≈≈≈≈≈≈≈≈≈
≈≈≈≈≈≈≈≈≈≈≈≈≈≈≈≈≈≈≈≈≈≈≈≈≈≈
.≈≈≈≈≈≈≈≈.≈≈.≈≈≈≈≈≈≈≈≈≈≈≈≈
########≈≈≈#####≈≈≈############
#≈≈≈# #r≈≈# #####...## #≈≈≈#
#r≈≈####.##.....## #.≈≈#
#@r≈..≈≈.........# #≈≈≈#
#≈≈≈≈≈.........†.# #≈≈≈#
#≈≈≈≈≈.####.....∩# #≈≈≈#
#.≈≈#### ###.∩### #≈≈≈. ####
#≈≈.## #.≈≈# #≈≈≈#


You could see 3 river rats.

Vanquished Creatures
  An orc priest (D:3)
  An iguana (D:3)
  5 adders
  2 river rats (D:4)
  3 worms
  A dart slug (D:1)
  2 orcs (D:3)
  3 endoplasms
  5 giant cockroaches
  7 goblins
  4 hobgoblins (D:1)
  5 jackals
  7 quokkas
  8 ball pythons
  13 bats
  6 frilled lizards
  10 kobolds
  13 rats
96 creatures vanquished.

Vanquished Creatures (collateral kills)
  2 orcs (D:3)
  A ball python (D:3)
3 creatures vanquished.

Grand Total: 99 creatures vanquished

Notes
Turn   | Place    | Note
-------+----------+-------------------------------------------
     0 | D:1      | tizbic2 the Vine Stalker Artificer began the quest for the
                  | Orb.
     0 | D:1      | Reached XP level 1. HP: 9/9 MP: 2/2
   387 | D:1      | Reached skill level 1 in Staves
   639 | D:1      | Reached XP level 2. HP: 14/14 MP: 3/3
  1347 | D:1      | Reached XP level 3. HP: 14/17 MP: 4/4
  1515 | D:1      | Reached skill level 2 in Staves
  3232 | D:2      | Gained mutation: Your natural rate of healing is unusually
                  | fast. [Vine Stalker growth]
  3232 | D:2      | Reached XP level 4. HP: 21/21 MP: 5/5
  3444 | D:2      | Reached skill level 3 in Staves
  3912 | D:3      | Reached XP level 5. HP: 25/25 MP: 6/6
  3991 | D:3      | Found a faded altar of an unknown god.
  5129 | D:4      | Found a blossoming altar of Fedhas.
  5265 | D:4      | Found a glowing drain.
  5318 | Sewer    | Entered a sewer
  5338 | Sewer    | Reached skill level 4 in Staves
  5450 | Sewer    | Reached XP level 6. HP: 29/29 MP: 7/7
  5520 | Sewer    | HP: 1/29 [river rat (4)]
  5521 | Sewer    | Slain by a river rat

Illustrated notes

Levels and vault maps discovered:
D:1:      psy_arrival_statuary, layout_rooms, serial_co_window_serial,
          co_window_paths_a, co_window_corner_a, co_window_of_opportunity_a,
          co_window_of_opportunity_a, co_window_corner_a, co_window_cross_2,
          co_window_corner_cb, co_window_unsneaky_path_c, co_window_2corner,
          co_window_2corner, co_window_unsneaky_path_b, co_window_paths_d,
          co_window_4corner_a, glass_columns_a, glass_columns_c,
          glass_columns_a, glass_columns_b, glass_columns_b,
          chequers_serial_rivers_room_b
D:2:      layout_basic
D:3:      layout_basic, shapermc_ecumenical_altar_notcrosses, minivault_19
D:4:      layout_loops_ring, mainiacjoe_overflow_tiny_flanked,
          portal_sewer_entry_e
Sewer:    sewer_fruit_machine

Skill      XL: |  1  2  3  4  5 |
---------------+----------------+-----
Staves         | 1 2 3 4 |  4.0
Evocations     | 3 |  3.9
Fighting       | |  0.8
Slings         | |  0.2
Armour         | |  1.5
Dodging        | |  0.7
Stealth        | |  1.2
Ice Magic      | |  0.2

Action                   |  1- 3 |  4- 6 || total
-------------------------+-------+-------++-------
Melee: Club              |    34 |       ||    34
       Bite              |    28 |    31 ||    59
       Whip              |    85 |       ||    85
       Punch             |     2 |     3 ||     5
       Quarterstaff      |     5 |    32 ||    37
       Staff             |       |   102 ||   102
 Fire: Hunting sling     |    19 |    53 ||    72
Throw: Stone             |    50 |       ||    50
Evoke: Wand              |     3 |     1 ||     4
       Piece from Xom's  |     2 |       ||     2
  Use: Scroll            |       |     3 ||     3
       Potion            |       |     1 ||     1
 Stab: Sleeping          |     1 |       ||     1
Armor: Leather armour    |    33 |     1 ||    34
       Ring mail         |       |    70 ||    70
       Scale mail        |       |     7 ||     7
Dodge: Dodged            |    87 |   114 ||   201
